 Dungeon Crawl Stone Soup version 0.31-a0-4-gefa6de2278 (webtiles) character file.

Game seed: 12732500371295314506

111101 Pimp the Severer (level 16, -3/147 (149) HPs)
             Began as a Hill Orc Fighter on May 4, 2023.
             Was the Champion of Okawaru.
             Killed from afar by a deep elf knight (31 damage)
             ... with a shard of ice
             ... on level 2 of the Elven Halls.
             The game lasted 01:23:12 (25382 turns).

Pimp the Severer (Hill Orc Fighter)                Turns: 25382, Time: 01:23:13

HP:   -3/147 (149)  AC: 21    Str: 27    XL:     16   Next: 56%
MP:   0/23          EV: 21    Int: 15    God:    Okawaru [******]
Gold: 1269          SH: 20    Dex: 10    Spells: 14/25 levels left

rFire   . . .        q - +8 mithril axe "Arga" {speed, Will+}
rCold   . . .        J - +2 kite shield
rNeg    . . .        H - +0 acid dragon scales
rPois   +            S - +2 hat of the Bear Spirit {Spirit, Bear, *Rage Will++}
rElec   .            z - +1 cloak {rPois}
rCorr   +            p - +1 pair of gloves "Koocozoo" {Int+3}
SInv    .            E - +0 pair of boots
Will    ++++.        m - amulet of reflection
Stlth   ++           f - +6 ring of strength
HPRegen 0.44/turn    M - +5 ring of evasion
MPRegen 0.18/turn

%: random rage (20%), reflection, guardian spirit
@: heroic, on berserk cooldown, hasted, studying Armour, lightly drained, unable
to read, very quick
A: dopey 1, inability to read after injury 1
a: Renounce Religion, Heroism, Finesse, Duel


You were on level 2 of the Elven Halls.
You worshipped Okawaru.
Okawaru was exalted by your worship.
You visited 4 branches of the dungeon, and saw 23 of its levels.

You collected 2268 gold pieces.
You spent 999 gold pieces at shops.

Inventory:

Hand Weapons
 q - the +8 mithril axe "Arga" (weapon) {speed, Will+}
   (Okawaru gifted it to you on level 11 of the Dungeon)

   Will:      It increases your willpower.
 v - the +9 broad axe "Kemurr" {holy, rF++}
   (Okawaru gifted it to you on level 2 of the Lair of Beasts)

   rF:        It greatly protects you from fire.
 K - the +1 broad axe "Qughopp" {speed, *Slow rPois rF+ Str+3}
   (Okawaru gifted it to you on level 5 of the Lair of Beasts)

   Str:       It affects your strength (+3).
   rF:        It protects you from fire.
   rPois:     It protects you from poison.
   *Slow:     It may slow you when you take damage.
 Z - a +3 scimitar of flaming
Armour
 p - the +1 pair of gloves "Koocozoo" (worn) {Int+3}
   (Okawaru gifted it to you on level 2 of the Elven Halls)

   Int:       It affects your intelligence (+3).
 z - a +1 cloak of poison resistance (worn)
 A - a +2 helmet
 E - a +0 pair of boots (worn)
 H - +0 acid dragon scales (worn)
 I - the +1 cloak of the Hidden Vale {rElec MP+9 Str-3 Dex+2}
   (You found it on level 5 of the Dungeon)

   Str:       It affects your strength (-3).
   Dex:       It affects your dexterity (+2).
   rElec:     It insulates you from electricity.
   MP:        It affects your magic capacity (+9).
 J - a +2 kite shield (worn)
 S - the +2 hat of the Bear Spirit (worn) {Spirit, Bear, *Rage Will++}
   (You bought it in a shop on level 10 of the Dungeon)

   Bear:      Going berserk makes the wearer exceptionally tough, and they are
   slowed for a shorter time afterward.
   *Rage:     It berserks you when you make melee attacks (+20% chance).
   Will:      It greatly increases your willpower.
 X - a +2 buckler
Jewellery
 b - the ring of Vohewke {Fly rF- rC+ rCorr SInv}
   (You acquired it on level 14 of the Dungeon)

   [ring of protection from cold]

   rF:        It makes you vulnerable to fire.
   rC:        It protects you from cold.
   SInv:      It lets you see invisible.
   Fly:       It grants you flight.
   rCorr:     It protects you from acid and corrosion.
 f - a +6 ring of strength (left hand)
 l - a ring of willpower
 m - an amulet of reflection (around neck)
 n - a +6 ring of dexterity
 M - a +5 ring of evasion (right hand)
 V - a ring of flight
Wands
 j - a wand of flame (4)
 r - a wand of polymorph (5)
 x - a wand of iceblast (22) (quivered)
 G - a wand of acid (12)
 N - a wand of mindburst (5)
Scrolls
 a - 4 scrolls of identify
 e - 8 scrolls of teleportation
 D - 3 scrolls of immolation
 O - a scroll of noise
 P - a scroll of silence
 R - 2 scrolls of enchant armour
 T - 2 scrolls of poison
 U - 2 scrolls of amnesia
 Y - 5 scrolls of fear
Potions
 c - 2 potions of resistance
 d - 3 potions of might
 h - 7 potions of curing
 i - a potion of berserk rage
 o - 2 potions of flight
 s - 4 potions of brilliance
 t - 2 potions of haste
 u - 4 potions of lignification
 B - a potion of ambrosia
 C - a potion of magic
 F - a potion of attraction
 L - 2 potions of cancellation
 Q - a potion of invisibility
Miscellaneous
 y - a piece from Xom's chessboard (15/15)


   Skills:
 + Level 15.2(20.2) Fighting
 - Level 18.0(23.0) Axes
 + Level 14.9(19.9) Armour
 - Level 8.6(13.6) Dodging
 + Level 13.1(18.1) Shields
 + Level 5.2 Spellcasting
 * Level 10.9 Fire Magic


You had 14 spell levels left.
You knew the following spells:

 Your Spells              Type           Power      Damage    Failure   Level
a - Statue Form           Tmut/Erth      2%         N/A       100%        6
b - Fireball              Conj/Fire      10%        3d6       56%         5

Your spell library contained the following spells:

 Spells                   Type           Power      Damage    Failure   Level
 Foxfire                  Conj/Fire      80%        2x1d8     2%          1
 Volatile Blastmotes      Fire/Tloc      40%        2d13      8%          3
 Magic Dart               Conj           12%        1d3       24%         1
 Slow                     Hex            12%        N/A       24%         1
 Poisonous Vapours        Pois/Air       6%         N/A       34%         2
 Confusing Touch          Hex            3%         N/A       56%         3
 Dazzling Flash           Conj/Hex       6%         N/A       56%         3
 Hailstorm                Conj/Ice       3%         3d3       56%         3
 Mephitic Cloud           Conj/Pois/Air  3%         N/A       56%         3
 Ozocubu's Armour         Ice            3%         N/A       56%         3
 Vampiric Draining        Necr           3%         2d6       56%         3
 Ice Form                 Ice/Tmut       3%         N/A       93%         4
 Iskenderun's Mystic Bla  Conj/Tloc      3%         2d3       93%         4
 Petrify                  Tmut/Erth      3%         N/A       93%         4
 Plasma Beam              Fire/Air       10%        2x1d23    98%         6
 Starburst                Conj/Fire      10%        6d5       98%         6
 Freezing Cloud           Conj/Ice/Air   1%         6-21      100%        5
 Iskenderun's Battlesphe  Conj           3%         2d6       100%        5
 Metabolic Englaciation   Hex/Ice        1%         N/A       100%        5
 Conjure Ball Lightning   Conj/Air       1%         3x3d6     100%        6
 Orb of Destruction       Conj           1%         9d5       100%        7
 Ozocubu's Refrigeration  Ice            1%         4d7       100%        7
 Storm Form               Tmut/Air       1%         N/A       100%        7
 Maxwell's Capacitive Co  Air            1%         ∞         100%        8
 Call Imp                 Summ           Unusable   N/A       N/A         2
 Summon Lightning Spire   Summ/Air       Unusable   N/A       N/A         4
 Simulacrum               Ice/Necr       Unusable   N/A       N/A         6

Dungeon Overview and Level Annotations

Branches:
Dungeon (14/15)            Temple (0/1) D:7            Lair (5/5) D:11
 Shoals (0/4) Lair:3       Spider (0/4) Lair:2        Slime (0/5) Lair:4
    Orc (2/2) D:11            Elf (2/3) Orc:2        Vaults (0/5) D:14

Altars:
Gozag
Hepliaklqana
Kikubaaqudgha
Okawaru
Trog
Vehumet
Yredelemnul
Beogh

Shops:
D:10 [   Orc:1 :?=[   Orc:2 :=:*


Innate Abilities, Weirdness & Mutations

You are dopey. (Int -2)
You occasionally lose the ability to read scrolls when taking damage.


Message History

Okay, then.
You hit the +0 dire flail of venom.
The +0 dire flail of venom falls from the air.
Okawaru accepts your kill.
Unknown command.
You feel better.
The deep elf knight gestures wildly while chanting.
The deep elf knight seems to speed up.
The deep elf pyromancer casts a spell.
The deep elf pyromancer blinks!
Unknown command.
You slash the +3 war axe of draining!
The +3 war axe of draining is moderately damaged.
The deep elf pyromancer gestures wildly while chanting.
The +3 war axe of draining barely misses you.
Unknown command.
You cannot read scrolls in your current state!
You feel better.
The deep elf knight points at you and mumbles some strange words.
You block shard of ice... and reflect it back!
The shard of ice hits the deep elf knight!!!
The +3 war axe of draining hits you.
* * * LOW HITPOINT WARNING * * *
You feel drained.
You feel yourself speed up.
You block the +3 war axe of draining's attack.
The deep elf pyromancer gestures wildly while chanting.
You closely miss the +3 war axe of draining.
The +3 war axe of draining is moderately damaged.
You hit the +0 hand axe of distortion.
You can read scrolls again.
You block the +3 war axe of draining's attack.
Unknown command.
You closely miss the +3 war axe of draining.
The +3 war axe of draining is moderately damaged.
You hit the +0 hand axe of distortion but do no damage.
The deep elf knight casts a spell at you.
The shard of ice hits you!!
You feel threatened and lose the ability to read scrolls!
You die...

###......##
##.........#
#..........#
##.e........#
#E.°.......#
....☼.....#
.....E)().#
......(@..#
......)....#
...
...(........#
....
.......e....#
.....
............#
......
#..........##
......
##........##
......
#........#
.....


You could see a deep elf knight (fast), a deep elf pyromancer, 2 fire elementals
and 3 dancing weapons.

Vanquished Creatures
  Jorgrun (D:11)
  Rupert (Lair:5)
  3 deep elf sorcerers
  An orc warlord (D:11)
  A deep elf annihilator (Elf:2)
  Azrael (D:13)
  The ghost of abessonov the Tortoise, a journeyman MiFi of Ignis (D:12)
  Snorg (Lair:5)
  A deep elf high priest (Elf:1)
  A fire dragon (Lair:5)
  4 hydras
  2 ogre magi (Orc:2)
  3 boulder beetles
  20 dancing weapons
  The ghost of Cifett the Protected, a novice MiFi of Hepliaklqana (Lair:1)
  11 two-headed ogres
  An orc high priest (Orc:1)
  3 death yaks (Lair:2)
  8 deep elf knights
  3 skysharks (Lair:5)
  8 deep elf archers
  An orb spider (Lair:2)
  3 deep trolls
  A lindwurm (Lair:5)
  An ugly thing (D:13)
  2 orc knights (Orc:1)
  12 deep elf pyromancers
  5 orc sorcerers
  15 deep elf zephyrmancers
  5 cyclopes
  2 manticores
  12 centaur zombies (D:13)
  A merfolk siren (Lair:3)
  6 black mambas
  3 slime creatures
  11 elephants
  Maurice (D:9)
  5 cane toads
  3 molten gargoyles (Lair:5)
  A gargoyle (D:12)
  4 rime drakes
  12 komodo dragons
  14 trolls
  A harpy zombie (D:13)
  6 polar bears
  5 dream sheep (Lair:3)
  14 blink frogs
  A meliai zombie (D:13)
  A wraith (D:11)
  A shadow (D:11)
  2 water elementals
  37 yaks
  3 wyverns
  8 basilisks
  A culicivora (shapeshifter) (Elf:1)
  5 steam dragons
  3 fire elementals (D:13)
  2 vampire mosquitoes
  5 wargs
  An acid dragon (D:9)
  11 water moccasins
  16 orc warriors
  8 black bears
  9 hell hounds
  3 ice beasts
  A sky beast (D:6)
  5 wolves (Lair:2)
  3 centaurs
  20 ogres
  2 phantoms
  5 kobold brigands
  11 bullfrogs
  2 gnoll sergeants
  2 scorpions
  6 wights (D:8)
  3 howler monkeys
  6 electric eels (Lair:5)
  5 lava snakes (Lair:5)
  2 hounds (D:5)
  3 jellies
  3 gnoll boudas
  8 orc priests
  Crazy Yiuf (D:7)
  Jessica (D:2)
  An iguana (D:5)
  10 orc wizards
  A mummy (D:4)
  5 adders
  28 gnolls
  2 shadow imps
  5 white imps
  2 ufetubi (D:5)
  2 worms
  4 dart slugs
  56 orcs
  6 endoplasms
  4 giant cockroaches
  7 goblins
  5 hobgoblins
  4 jackals (D:1)
  4 quokkas
  6 ball pythons
  5 bats
  A hobgoblin zombie (D:4)
  20 kobolds
  A kobold zombie (D:4)
  2 orc zombies (D:4)
  5 rats
614 creatures vanquished.

Vanquished Creatures (others)
  A deep elf knight (Elf:2)
  A deep elf pyromancer (D:14)
  A bush (Lair:5)
  20 fungi
  48 plants
  2 withered plants (D:12)
73 creatures vanquished.

Grand Total: 687 creatures vanquished

Notes
Turn   | Place    | Note
-------+----------+-------------------------------------------
     0 | D:1      | Pimp the Hill Orc Fighter began the quest for the Orb.
     0 | D:1      | Reached XP level 1. HP: 19/19 MP: 1/1
   117 | D:1      | Reached XP level 2. HP: 23/27 MP: 2/2
   120 | D:1      | Reached skill level 3 in Axes
   784 | D:1      | Reached XP level 3. HP: 33/33 MP: 3/3
  1654 | D:2      | Noticed Jessica
  1657 | D:2      | Killed Jessica
  1658 | D:2      | Reached XP level 4. HP: 41/41 MP: 4/4
  2007 | D:3      | Identified the +3 barding "Wepneifoso" {rPois}
  2296 | D:3      | Reached skill level 4 in Axes
  2432 | D:3      | Reached XP level 5. HP: 47/47 MP: 5/5
  2824 | D:4      | Reached skill level 1 in Dodging
  3101 | D:4      | Reached XP level 6. HP: 32/55 MP: 6/6
  3322 | D:4      | Reached skill level 5 in Axes
  3562 | D:4      | Noticed a black bear
  3570 | D:4      | Killed a black bear
  3571 | D:4      | Reached skill level 5 in Fighting
  3593 | D:4      | Found an ancient bone altar of Kikubaaqudgha.
  3593 | D:4      | Found an opulent altar of Gozag.
  3804 | D:5      | Entered Level 5 of the Dungeon
  3828 | D:5      | Identified the +1 cloak of the Hidden Vale {rElec MP+9
                  | Str-3 Dex+2}
  3954 | D:5      | Noticed a water moccasin
  3962 | D:5      | Reached XP level 7. HP: 40/61 MP: 7/7
  3964 | D:5      | Reached skill level 6 in Axes
  3979 | D:5      | Reached skill level 5 in Armour
  3979 | D:5      | Reached skill level 5 in Shields
  4077 | D:5      | Reached XP level 8. HP: 57/70 MP: 8/8
  4223 | D:5      | Reached skill level 7 in Axes
  4777 | D:6      | Reached skill level 8 in Axes
  5100 | D:6      | Found an iron altar of Okawaru.
  5125 | D:6      | Became a worshipper of Warmaster Okawaru
  5164 | D:6      | Reached XP level 9. HP: 78/78 MP: 9/9
  5387 | D:7      | Reached skill level 9 in Axes
  5490 | D:7      | Noticed a two-headed ogre
  5497 | D:7      | Killed a two-headed ogre
  5497 | D:7      | Reached * piety under Okawaru
  5638 | D:7      | Noticed a komodo dragon
  5652 | D:7      | Killed a komodo dragon
  5653 | D:7      | Reached skill level 10 in Axes
  5717 | D:7      | Found a staircase to the Ecumenical Temple.
  5805 | D:7      | Reached ** piety under Okawaru
  5940 | D:7      | Found a runed translucent door.
  5941 | D:7      | Noticed Crazy Yiuf
  6013 | D:7      | Killed Crazy Yiuf
  6152 | D:8      | Reached XP level 10. HP: 62/88 MP: 10/10
  6311 | D:8      | Found a hazy altar of Hepliaklqana.
  6429 | D:8      | Reached skill level 11 in Axes
  7523 | D:9      | Reached *** piety under Okawaru
  7761 | D:9      | Noticed Maurice
  7790 | D:9      | Killed Maurice
  7802 | D:9      | Found a radiant altar of Vehumet.
  7821 | D:9      | Reached **** piety under Okawaru
  7822 | D:9      | Reached skill level 12 in Axes
  7968 | D:9      | Reached skill level 5 in Dodging
  8274 | D:10     | Entered Level 10 of the Dungeon
  8384 | D:10     | Found Ehuociukh's Armour Emporium.
  8423 | D:10     | Bought the +2 hat of the Bear Spirit {Spirit, Bear, *Rage
                  | Will++} for 383 gold pieces
  8423 | D:10     | Found the +2 hat of the Bear Spirit {Spirit, Bear, *Rage
                  | Will++}
  9004 | D:10     | Found a bloodstained altar of Trog.
  9042 | D:10     | Reached XP level 11. HP: 94/97 MP: 11/11
  9186 | D:11     | Found a staircase to the Lair.
  9186 | D:11     | Noticed a cyclops
  9211 | D:11     | Killed a cyclops
  9217 | D:11     | Reached ***** piety under Okawaru
  9320 | D:11     | Found a staircase to the Orcish Mines.
  9399 | D:11     | Reached skill level 13 in Axes
 10258 | D:12     | Noticed a manticore
 10268 | D:12     | Killed a manticore
 10367 | D:12     | Received a gift from Okawaru
 10388 | D:12     | Noticed a two-headed ogre
 10394 | D:12     | Noticed Jorgrun
 10395 | D:12     | Noticed a boulder beetle
 10401 | D:12     | Noticed a two-headed ogre
 10450 | D:11     | Killed a boulder beetle
 10670 | D:11     | Reached skill level 10 in Fighting
 10670 | D:11     | Reached skill level 14 in Axes
 10747 | D:11     | Killed a two-headed ogre
 10747 | D:11     | Reached ****** piety under Okawaru
 10747 | D:11     | Received a gift from Okawaru
 10747 | D:11     | Found the +8 mithril axe "Arga" {speed, Will+}
 10754 | D:11     | Killed Jorgrun
 10755 | D:11     | Reached XP level 12. HP: 15/107 MP: 1/12
 11135 | D:12     | Killed a two-headed ogre
 11419 | D:12     | Found a runed translucent door.
 11420 | D:12     | Noticed abessonov's ghost (journeyman MiFi)
 11438 | D:12     | Killed abessonov's ghost
 11640 | D:13     | Received a gift from Okawaru
 11648 | D:13     | Reached skill level 15 in Axes
 11701 | D:13     | Reached skill level 10 in Shields
 11701 | D:13     | Received a gift from Okawaru
 11708 | D:13     | Reached skill level 10 in Armour
 11750 | D:13     | Found a basalt altar of Yredelemnul.
 11862 | D:13     | Noticed a boulder beetle
 11893 | D:13     | Killed a boulder beetle
 12215 | D:13     | Noticed Azrael
 12237 | D:13     | Killed Azrael
 12238 | D:13     | Reached skill level 16 in Axes
 12238 | D:13     | Reached XP level 13. HP: 116/116 MP: 13/13
 12487 | D:14     | Identified a scroll of acquirement
 12495 | D:14     | Acquired the ring of Vohewke {Fly rF- rC+ rCorr SInv}
 12565 | D:14     | Found a gate to the Vaults.
 12573 | D:14     | Identified the +0 helmet of Negation {rC+++ rN+ Will-
                  | Str-5} (Okawaru gifted it to you on level 14 of the
                  | Dungeon)
 12573 | D:14     | Received a gift from Okawaru
 13004 | Orc:1    | Entered Level 1 of the Orcish Mines
 13022 | Orc:1    | Noticed an orc warlord
 13101 | D:11     | Learned a level 6 spell: Statue Form
 13170 | D:11     | Killed an orc warlord
 13364 | Orc:1    | Found a roughly hewn altar of Beogh.
 13727 | Orc:1    | Found Asiape's Book Emporium.
 13782 | Orc:1    | Found Gyisuub's Jewellery Shoppe.
 13782 | Orc:1    | Found Iqaureu Seeh's Magic Scroll Boutique.
 13845 | Orc:1    | Found Esijoriu's Antique Armour Shop.
 14235 | Orc:2    | Entered Level 2 of the Orcish Mines
 14608 | Orc:1    | Identified the +1 broad axe "Ykhih" {heavy, rElec} (Okawaru
                  | gifted it to you on level 1 of the Orcish Mines)
 14608 | Orc:1    | Received a gift from Okawaru
 14942 | Orc:1    | Reached skill level 17 in Axes
 14942 | Orc:1    | Reached XP level 14. HP: 57/127 MP: 12/14
 15192 | Orc:1    | Identified the +0 pair of boots of Qooc {rCorr MP+9 Int+3
                  | SInv} (Okawaru gifted it to you on level 1 of the Orcish
                  | Mines)
 15192 | Orc:1    | Received a gift from Okawaru
 15452 | Orc:2    | Found Omnaprae's Assorted Antiques.
 15455 | Orc:2    | Found Mofepp's Jewellery Shop.
 15523 | Orc:2    | Gained mutation: You have hidden genetic defects. [a
                  | neqoxec]
 15684 | Orc:2    | Found Vol Cuof's Book Boutique.
 15689 | Orc:2    | Found Pytemed's Book Boutique.
 15733 | Orc:2    | Found a staircase to the Elven Halls.
 16194 | Orc:1    | Bought a book of Fire for 616 gold pieces
 16206 | Orc:1    | Learned a level 5 spell: Fireball
 16332 | Lair:1   | Entered Level 1 of the Lair of Beasts
 16571 | Lair:1   | Reached skill level 1 in Fire Magic
 16884 | Lair:1   | Found a runed translucent door.
 16884 | Lair:1   | Noticed Cifett's ghost (novice MiFi)
 16988 | Lair:1   | Killed Cifett's ghost
 17082 | Lair:2   | Reached skill level 1 in Spellcasting
 17151 | Lair:2   | Gained mutation: You occasionally lose the ability to read
                  | scrolls when taking damage. [hidden defects]
 17152 | Lair:2   | Lost mutation: You occasionally lose the ability to read
                  | scrolls when taking damage. [potion of mutation]
 17152 | Lair:2   | Lost mutation: You have hidden genetic defects. [potion of
                  | mutation]
 17152 | Lair:2   | Gained mutation: You are dopey. (Int -2) [potion of
                  | mutation]
 17152 | Lair:2   | Gained mutation: You occasionally lose the ability to read
                  | scrolls when taking damage. [potion of mutation]
 17202 | Lair:2   | Identified the +10 quarterstaff of Somewhere Else {drain,
                  | Str+5 Int+3}
 17244 | Lair:2   | Identified the +9 broad axe "Kemurr" {holy, rF++} (Okawaru
                  | gifted it to you on level 2 of the Lair of Beasts)
 17244 | Lair:2   | Received a gift from Okawaru
 17506 | Lair:2   | Found a hole to the Spider Nest.
 18319 | Lair:3   | Reached skill level 5 in Fire Magic
 18400 | Lair:3   | Found a staircase to the Shoals.
 18910 | Lair:4   | Found a staircase to the Slime Pits.
 19610 | Lair:5   | Entered Level 5 of the Lair of Beasts
 19619 | Lair:5   | Identified the +1 broad axe "Qughopp" {speed, *Slow rPois
                  | rF+ Str+3} (Okawaru gifted it to you on level 5 of the Lair
                  | of Beasts)
 19619 | Lair:5   | Received a gift from Okawaru
 19620 | Lair:5   | Reached XP level 15. HP: 137/137 MP: 18/18
 19886 | Lair:5   | Found a large runed translucent door.
 19935 | Lair:5   | Reached skill level 18 in Axes
 19936 | Lair:5   | Found a large runed translucent door.
 20242 | Lair:5   | Noticed Rupert
 20264 | Lair:5   | Killed Rupert
 20877 | Lair:5   | Received a gift from Okawaru
 21255 | Lair:5   | Noticed Snorg
 21265 | Lair:5   | Killed Snorg
 22281 | Elf:1    | Entered Level 1 of the Elven Halls
 22499 | Elf:1    | Identified the +0 hat of Nijoucs {rElec} (Okawaru gifted it
                  | to you on level 1 of the Elven Halls)
 22499 | Elf:1    | Received a gift from Okawaru
 22566 | Elf:1    | Noticed a deep elf sorcerer
 22575 | Elf:1    | Killed a deep elf sorcerer
 22719 | Elf:1    | Noticed a deep elf sorcerer
 22730 | Elf:1    | Killed a deep elf sorcerer
 23152 | Elf:1    | Found an ancient bone altar of Kikubaaqudgha.
 23846 | Elf:2    | Reached XP level 16. HP: 147/147 MP: 22/22
 24489 | Elf:2    | Reached skill level 10 in Fire Magic
 24500 | Elf:2    | Reached skill level 15 in Fighting
 24572 | Elf:2    | Identified the +1 pair of gloves "Koocozoo" {Int+3}
                  | (Okawaru gifted it to you on level 2 of the Elven Halls)
 24572 | Elf:2    | Received a gift from Okawaru
 24882 | Elf:2    | Reached skill level 5 in Spellcasting
 25152 | Elf:2    | Found a runed translucent gate.
 25153 | Elf:2    | Found a runed translucent gate.
 25153 | Elf:2    | Found a runed translucent gate.
 25382 | Elf:2    | Killed from afar by a deep elf knight

Illustrated notes

Levels and vault maps discovered:
D:1:      minmay_arrival_nine_rooms, layout_basic
D:2:      layout_loops_ring, uniq_jessica
D:3:      layout_basic, minmay_misc_feat_roman
D:4:      layout_loops_ring, gammafunk_temple_overflow_elements,
          minmay_misc_feat_tiny, minmay_mini_ossuary
D:5:      layout_cave_pools, serial_rivers, chequers_serial_rivers_room_a,
          chequers_serial_rivers_small_b, chequers_serial_rivers_micro_c,
          chequers_serial_rivers_small_a, chequers_serial_rivers_small_a,
          chequers_serial_rivers_micro_c
D:6:      layout_rooms, okawaru_ov_weapons_minmay, st_stairs_1,
          minmay_tree_intersection, bh_walls_and_bars
D:7:      layout_rooms, minmay_temple_entry_poolview,
          amcnicky_mini_corridor_feature, uniq_crazy_yiuf_cottage
D:8:      layout_basic, nicolae_hepliaklqana_hippocampus
D:9:      layout_basic, fiery_altar_vehumet, uniq_maurice
D:10:     layout_cave_pods, mainiacjoe_overflow_small_starburst, serial_shops,
          nicolae_shop_statue_plus
D:11:     layout_basic, erik_lair_orcish_takeover, orc_0_dummy
D:12:     layout_loops_cross, gammafunk_ghost_grave, uniq_jorgrun
D:13:     layout_roguey, nicolae_yredelemnul_corpse_copse, uniq_azrael
D:14:     layout_long_grid, erik_vaults_1, hangedman_decor_riveting,
          hangedman_aviary
Lair:1:   layout_regular_city, gammafunk_ghost_grave
Lair:2:   layout_roguey, nicolae_spider_entry_orb_guardian, grunt_megastairs_4
Lair:3:   beast_lair_carwin_large_1, layout_misc_corridors,
          minmay_shoals_entry_lonely_mermaid, gauntlet_entry_generic,
          chequers_serial_rivers_micro_e
Lair:4:   layout_misc_corridors, slime_entry_1, minivault_24
Lair:5:   cheibrodos_lair_end_hotspot, layout_concentric_octagons,
          serial_bayou_lake_a, infiniplex_staircase_pool, uniq_rupert,
          uniq_snorg
Orc:1:    layout_caves, basic_altar, serial_shops, nicolae_shop_waterfront,
          guppyfry_orc_lava_fort
Orc:2:    st_orc_open, layout_caves
Elf:1:    layout_onion_city, basic_altar, serial_glass, glass_columns_a,
          glass_columns_b, glass_columns_a, glass_columns_a,
          hangedman_elf_represent, grunt_ministairs_15, lemuel_upstairs_altar
Elf:2:    nicolae_elf_blades_crystal_corner, layout_onion_city

Skill      XL: |  1  2  3  4  5  6  7  8  9 10 11 12 13 14 15 16 |
---------------+-------------------------------------------------+-----
Axes           | 3 4 5 6 8 10 12 14 16 17 18 | 18.0
Fighting       | 4 5 6 7 9 10 11 12 13 14 15 | 15.2
Shields        | 4 5 6 7 8 9 10 11 12 13 | 13.1
Armour         | 4 5 6 7 8 9 10 11 12 14 | 14.9
Dodging        | 1 2 3 4 5 6 7 8 |  8.6
Fire Magic     | 5 9 10 | 10.9
Spellcasting   | 2 4 5 |  5.2

Action                     |  1- 3 |  4- 6 |  7- 9 | 10-12 | 13-15 | 16-18 || total
---------------------------+-------+-------+-------+-------+-------+-------++-------
  Melee: War axe           |    97 |   157 |   269 |   466 |       |       ||   989
         Broad axe         |       |       |       |   131 |   906 |   140 ||  1177
         Scimitar          |       |       |       |       |    30 |       ||    30
 Invoke: Heroism           |       |       |       |       |       |     1 ||     1
  Evoke: Wand              |       |       |       |       |     2 |       ||     2
    Use: Scroll            |       |       |    18 |     3 |    16 |     4 ||    41
         Potion            |       |       |       |     5 |     9 |     7 ||    21
 Armour: Scale mail        |    60 |     1 |       |       |       |       ||    61
         Chain mail        |       |    61 |    90 |    25 |       |       ||   176
         Acid dragon scale |       |       |       |   104 |   211 |    29 ||   344
  Dodge: Dodged            |    45 |    40 |    76 |   271 |   593 |    58 ||  1083
  Block: Buckler           |    49 |     7 |       |    79 |   441 |       ||   576
         Kite shield       |       |   116 |   235 |   332 |   175 |    93 ||   951
         Reflection        |       |     3 |     8 |     7 |    19 |    12 ||    49

Table legend: (Time is in decaauts)
 A = Elapsed time spent in this place.
 B = Non-inter-level travel time spent in this place.
 C = Inter-level travel time spent in this place.
 D = Time resting spent in this place.
 E = Time spent auto-exploring this place.
 F = Levels seen in this place.
 G = Mean time per level.
                   A        B        C        D        E       F      G
               +--------+--------+--------+--------+--------+-----+--------+
         Total |  25589 |  24102 |   1487 |   4717 |  14328 |  23 | 1112.6 |
       Dungeon |  13770 |  13295 |    475 |   1828 |   8745 |  14 |  983.6 |
          Lair |   5910 |   5205 |    705 |   1084 |   2935 |   5 | 1182.0 |
  Orcish Mines |   2801 |   2565 |    236 |   1146 |    804 |   2 | 1400.5 |
   Elven Halls |   3107 |   3037 |     70 |    658 |   1844 |   2 | 1553.5 |
               +--------+--------+--------+--------+--------+-----+--------+

Top non-repeatable levels by time:
    D:11: 2371 daAuts
  Lair:5: 1873 daAuts
   Orc:1: 1852 daAuts
   Elf:1: 1832 daAuts
  Lair:4: 1455 daAuts
   Elf:2: 1274 daAuts
     D:1: 1170 daAuts
  Lair:2: 1132 daAuts
     D:9: 1117 daAuts
     D:8: 1100 daAuts
     D:3: 1075 daAuts
     D:4: 1043 daAuts
   Orc:2: 948 daAuts
    D:13: 859 daAuts
     D:5: 841 daAuts
